 Dungeon Crawl Stone Soup version 0.21-a0-26-g7b23a2f (webtiles) character file.

62 lauthentik the Sneak (level 3, -5/25 HPs)
             Began as a Vampire Enchanter on May 25, 2017.
             Slain by a worm (11 damage)
             ... on level 2 of the Dungeon.
             The game lasted 00:04:50 (1198 turns).

lauthentik the Sneak (Vampire Enchanter)            Turns: 1198, Time: 00:04:50

Health: -5/25      AC:  2    Str:  7    XL:     3   Next: 85%
Magic:  4/6        EV: 13    Int: 18    God:
Gold:   47         SH:  0    Dex: 14    Spells: 4/7 levels left

rFire    . . .     SeeInvis +   a - +1 dagger
rCold    + . .     Gourm    .   (no shield)
rNeg     + + .     Faith    .   b - +0 robe
rPois    +         Spirit   .   (no helmet)
rElec    .         Reflect  .   (no cloak)
rCorr    .         Harm     .   (no gloves)
MR       .....                  (no boots)
Stlth    ++++......             (no amulet)
Regen    0.1/turn               (no ring)
MPRegen  0.1/turn               (no ring)

@: regenerating slowly
A: fangs 3, see invisible, unbreathing
a: Bat Form


You were on level 2 of the Dungeon.
You were thirsty.

You visited 1 branch of the dungeon, and saw 2 of its levels.

You collected 47 gold pieces.

Inventory:

Hand Weapons
 a - a +1 dagger (weapon)
Armour
 b - a +0 robe (worn)
Scrolls
 g - a scroll of blinking {unknown}
 h - a scroll of random uselessness {unknown}
 j - a scroll of identify {unknown}
 l - a scroll of enchant weapon {unknown}
Potions
 d - 4 potions of blood
 e - 2 potions of curing {unknown}
 f - a potion of might {unknown}
 i - a potion of flight {unknown}
 k - a potion of mutation {unknown}
Books
 c - a book of Maledictions

   Spells                             Type                      Level
   a - Corona                         Hexes                        1
   b - Ensorcelled Hibernation        Hexes/Ice                    2
   c - Confuse                        Hexes                        3
   d - Tukima's Dance                 Hexes                        3
   e - Dazzling Spray                 Conjuration/Hexes            3


   Skills:
 + Level 0.8 Fighting
 + Level 1.4 Short Blades
 + Level 2.6 Dodging
 + Level 5.2 Stealth
 + Level 2.5 Spellcasting
 + Level 5.1 Hexes


You had 4 spell levels left.
You knew the following spells:

 Your Spells              Type           Power        Failure   Level  Hunger
a - Ensorcelled Hibernat  Hex/Ice        ##....       9%          2    ##.....
b - Corona                Hex            ###....      1%          1    #......


Dungeon Overview and Level Annotations

Branches:
Dungeon (2/15)

Altars:
Makhleb
Xom

Annotations:
D:2 2 transporters


Innate Abilities, Weirdness & Mutations

You heal slowly.
You have razor-sharp teeth.
You have supernaturally acute eyesight. (SInv)
You can survive without breathing.


Message History

You see here a hand axe.
Found a meat ration.
Magic restored.
A worm comes into view.
Found 16 stones.
You are too injured to fight recklessly!
You are too injured to fight recklessly!
You hit the worm.
The worm is lightly wounded.
Casting: Ensorcelled Hibernation
Confirm with . or Enter, or press ? or * to list all spells.
Aiming: Ensorcelled Hibernation
Press: ? - help, Shift-Dir - straight line, f - worm
Aim: a worm (lightly wounded, chance to defeat MR: 50%)
The worm resists with some effort.
The worm bites you!
* * * LOW HITPOINT WARNING * * *
You hit the worm.
The worm is lightly wounded.
The worm bites you!
You die...

....# #....#
#######....######...
## ##.............#
.###..##.#...######
.....##..###...### #
>....##.##
###..%####..#
)###..#.# ###......#
..###...# #..#####
#.# #..## #@##
#.###<..## #w#
#...#....# ..#
###......#####.#.#
##..............
##.........%. (.#
#....##...... ..#
#....# .........#
#..#.........


You could see a worm.

Vanquished Creatures
  Terence (D:2)
  An adder (D:1)
  An ooze (D:1)
  2 bats (D:1)
  A giant cockroach (D:1)
  4 goblins
  4 hobgoblins
  A quokka (D:2)
  3 frilled lizards
  A kobold (D:2)
  4 rats
23 creatures vanquished.

Notes
Turn   | Place    | Note
-------+----------+-------------------------------------------
     0 | D:1      | lauthentik the Vampire Enchanter began the quest for the Orb.
     0 | D:1      | Reached XP level 1. HP: 13/13 MP: 3/3
   153 | D:1      | Reached XP level 2. HP: 16/19 MP: 0/5
   176 | D:1      | Learned a level 2 spell: Ensorcelled Hibernation
   652 | D:2      | Noticed Terence
   781 | D:2      | Found a burning altar of Makhleb.
   782 | D:2      | Found a shimmering altar of Xom.
   782 | D:2      | Noticed a two-headed ogre
   853 | D:1      | Reached skill level 5 in Stealth
   853 | D:1      | Reached XP level 3. HP: 7/25 MP: 1/6
  1170 | D:2      | Killed Terence
  1170 | D:2      | Reached skill level 5 in Hexes
  1198 | D:2      | Slain by a worm

Vault maps used:
D:1:      onia_arrival_pentagram, corexii_hall_statues_x
D:2:      gammafunk_temple_overflow_arena, uniq_terence

Skill      XL: |  1  2  3 |
---------------+----------+-----
Stealth        | 5 |  5.2
Hexes          | 5 |  5.1
Fighting       | |  0.8
Short Blades   | |  1.4
Dodging        | |  2.6
Spellcasting   | |  2.5

Action                   || total
-------------------------++-------
Melee: Dagger            ||    74
       Bite              ||     1
 Cast: Corona            ||     7
       Ensorcelled Hiber ||    11
  Use: Potion            ||     1
 Stab: Sleeping          ||    16
       Distracted        ||     1
Armor: Robe              ||    16
Dodge: Dodged            ||    53
